 Dungeon Crawl Stone Soup version 0.31-a0-986-g5e6e4ef867 (webtiles) character file.

Game seed: 14497557492757851431

103 voltaire321 the Magician (level 4, -2/32 HPs)
             Began as a Demonspawn Hedge Wizard on Nov 12, 2023.
             Slain by a gnoll
             ... wielding a +0 whip
              (6 damage)
             ... on level 2 of the Dungeon.
             The game lasted 00:06:36 (2848 turns).

voltaire321 the Magician (Demonspawn Hedge Wizard)  Turns: 2848, Time: 00:06:37

Health: -2/32      AC:  3    Str: 13    XL:     4   Next: 51%
Magic:  2/8        EV: 12    Int: 15    God:
Gold:   105        SH:  0    Dex: 12    Spells: 4/9 levels left

rFire   . . .        a - +0 dagger
rCold   . . .        (no shield)
rNeg    . . .        b - +0 robe
rPois   .            i - +0 helmet
rElec   .            (no cloak)
rCorr   .            (no gloves)
SInv    .            (no boots)
Will    .....        (no amulet)
Stlth   ++           (no ring)
HPRegen 0.25/turn    (no ring)
MPRegen 0.11/turn

%: no passive effects
@: no status effects
A: claws 1
a: no special abilities


You were on level 2 of the Dungeon.
You visited 1 branch of the dungeon, and saw 3 of its levels.

You collected 105 gold pieces.

Inventory:

Hand Weapons
 a - a +0 dagger (weapon)
Armour
 b - a +0 robe (worn)
 c - a +0 hat
 i - a +0 helmet (worn)
Wands
 p - a wand of paralysis (3)
Scrolls
 e - a scroll of torment {unknown}
 f - 2 scrolls of teleportation {unknown}
 g - a scroll of enchant armour {unknown}
 h - a scroll of summoning {unknown}
 l - 2 scrolls of identify {unknown}
Potions
 d - a potion of magic
 j - a potion of degeneration {unknown}
 k - a potion of haste {unknown}
 m - a potion of mutation {unknown}
 n - 2 potions of lignification {unknown}
 o - a potion of attraction {unknown}


   Skills:
 + Level 1.0 Fighting
 + Level 1.0 Armour
 + Level 2.2 Dodging
 + Level 2.3 Stealth
 + Level 3.2 Spellcasting
 + Level 1.7 Conjurations
 + Level 1.6 Summonings
 + Level 1.6 Translocations


You had 4 spell levels left.
You knew the following spells:

 Your Spells              Type           Power      Damage    Failure   Level
a - Magic Dart            Conj           28%        1d4       10%         1
b - Blink                 Tloc           14%        N/A       16%         2
c - Call Imp              Summ           14%        N/A       16%         2

Your spell library contained the following spells:

 Spells                   Type           Power      Damage    Failure   Level
 Slow                     Hex            8%         N/A       21%         1
 Cigotuvi's Dreadful Rot  Necr/Pois/Air  4%         N/A       30%         2
 Mephitic Cloud           Conj/Pois/Air  4%         N/A       43%         3


Dungeon Overview and Level Annotations

Branches:
Dungeon (3/15)

Altars:


Innate Abilities, Weirdness & Mutations

You have sharp fingernails.


Message History

Aim: a gnoll, wielding a +0 spear (lightly wounded, 100% to hit)
The magic dart hits the gnoll.
The gnoll is moderately wounded.
The gnoll barely misses you. x2
You see here 20 gold pieces.
Aiming: Magic Dart (safe; 10% risk of failure)
Press: ? - help, Q - select action, (/) - cycle Shift-Dir - straight line, f/p - gnoll
Aim: a gnoll, wielding a +0 spear (lightly wounded, 100% to hit)
You miscast Magic Dart.
You are very lightly contaminated with residual magic.
Nothing appears to happen.
Aiming: Magic Dart (safe; 10% risk of failure)
Press: ? - help, Q - select action, (/) - cycle Shift-Dir - straight line, f/p - gnoll
Aim: a gnoll, wielding a +0 spear (lightly wounded, 100% to hit)
The magic dart hits the gnoll.
The gnoll is heavily wounded.
The gnoll barely misses you.
The gnoll hits you from afar with a +0 spear.
Aiming: Magic Dart (safe; 10% risk of failure)
Press: ? - help, Q - select action, (/) - cycle Shift-Dir - straight line, f/p - gnoll
Aim: a gnoll, wielding a +0 spear (lightly wounded, 100% to hit)
You miscast Magic Dart.
Nothing appears to happen.
The gnoll barely misses you.
The gnoll hits you from afar with a +0 spear.
The gnoll attacks as it pursues you! The gnoll barely misses you.
The gnoll attacks as it pursues you! The gnoll closely misses you.
The gnoll attacks as it pursues you!
The gnoll hits you from afar with a +0 spear.
* * * LOW HITPOINT WARNING * * *
The gnoll attacks as it pursues you! The gnoll hits you with a +0 whip.
* * * LOW HITPOINT WARNING * * *
There is a stone staircase leading up here.
The gnoll hits you but does no damage.
Your magical contamination has completely faded away.
You climb upwards.
There is a stone staircase leading down here.
You closely miss the gnoll. You claw the gnoll.
The gnoll is severely wounded.
The gnoll hits you with a +0 whip.
You die...

# ######.### ######.###.#
# #.# #........... # #.#
#.####.###.. # #.# #.#
#.##..# # #.# #.# #.##...
# #.# #.# #.##.#.
########### #.# #.#
#.###..
..........#####.######.#
#.# ##.
########.....<).@g.....#
#.# #.
#...####.#.#########.####.
#####...#
#.#.###............
#.......#
#.......#####.#####
####.#####)# ###.##### #.#
.....# #.######)# #.#
##.#.# #......(.# #.#
#.#.# #.##.###.# ##.#
#w#.#####........# #..# ##


You could see a gnoll.

Vanquished Creatures
  Jessica (D:2)
  2 adders (D:2)
  3 worms (D:2)
  2 dart slugs
  2 ball pythons
  4 bats
  2 endoplasms (D:1)
  2 giant cockroaches (D:2)
  7 hobgoblins
  3 jackals (D:2)
  2 quokkas (D:2)
  5 frilled lizards
  7 goblins
  2 rats
44 creatures vanquished.

Notes
Turn   | Place    | Note
-------+----------+-------------------------------------------
     0 | D:1      | voltaire321 the Demonspawn Hedge Wizard began the quest for
                  | the Orb.
     0 | D:1      | Reached XP level 1. HP: 13/13 MP: 4/4
   107 | D:1      | Reached skill level 1 in Translocations
   270 | D:1      | Discovered your monstrous ancestry.
   270 | D:1      | Gained mutation: You have sharp fingernails. [demonic
                  | ancestry]
   270 | D:1      | Reached XP level 2. HP: 19/19 MP: 3/6
   547 | D:1      | Learned a level 2 spell: Blink
   550 | D:1      | Learned a level 2 spell: Call Imp
   599 | D:1      | You fall into a shaft and drop 1 floor!
   693 | D:2      | Noticed Jessica
   703 | D:2      | Killed Jessica
   704 | D:2      | Reached XP level 3. HP: 21/25 MP: 3/7
   954 | D:2      | Found a faded altar of an unknown god.
  1628 | D:2      | Reached XP level 4. HP: 27/31 MP: 0/8
  1952 | D:2      | Reached skill level 1 in Armour
  2563 | D:2      | Reached skill level 1 in Fighting
  2848 | D:2      | Slain by a gnoll

Illustrated notes

Levels and vault maps discovered:
D:1:      dpeg_arrival_renting, layout_basic
D:2:      layout_loops_ring, ebering_ecumenical_altar_mist,
          minmay_misc_feat_roman, uniq_jessica
D:3:      minmay_goblin_kobold_castle, layout_loops_ring, minmay_quadrilaterals

Skill      XL: |  1  2  3  4 |
---------------+-------------+-----
Translocations | 1 |  1.6
Stealth        | 2 |  2.3
Dodging        | 2 |  2.2
Armour         | 1 |  1.0
Fighting       | 1 |  1.0
Spellcasting   | |  3.2
Conjurations   | |  1.7
Summonings     | |  1.6

Action                     |  1- 3 |  4- 6 || total
---------------------------+-------+-------++-------
  Melee: Dagger            |    69 |    52 ||   121
         Punch             |     1 |     1 ||     2
   Cast: Magic Dart        |    65 |    55 ||   120
         Call Imp          |       |     2 ||     2
         Blink             |       |     1 ||     1
   Stab: Sleeping          |     3 |       ||     3
 Armour: Robe              |    53 |    38 ||    91
  Dodge: Dodged            |    71 |    45 ||   116

Table legend: (Time is in decaauts)
 A = Elapsed time spent in this place.
 B = Non-inter-level travel time spent in this place.
 C = Inter-level travel time spent in this place.
 D = Time resting spent in this place.
 E = Time spent auto-exploring this place.
 F = Levels seen in this place.
 G = Mean time per level.
                   A        B        C        D        E       F      G
               +--------+--------+--------+--------+--------+-----+--------+
         Total |   2854 |   2797 |     57 |    782 |   1325 |   3 |  951.3 |
       Dungeon |   2854 |   2797 |     57 |    782 |   1325 |   3 |  951.3 |
               +--------+--------+--------+--------+--------+-----+--------+

Top non-repeatable levels by time:
     D:2: 1629 daAuts
     D:1: 1098 daAuts
     D:3: 125 daAuts
